 Dungeon Crawl Stone Soup version 0.30-a0-1075-gcd70e7a56d (webtiles) character file.

Game seed: 13880964147705728586

77 jasper the Vexing (level 4, -9/21 HPs)
             Began as a Spriggan Enchanter on Apr 14, 2023.
             Was an Initiate of Ru.
             Splashed by a jelly's acid (10 damage)
             ... on level 4 of the Dungeon.
             The game lasted 00:05:15 (2473 turns).

jasper the Vexing (Spriggan Enchanter)              Turns: 2473, Time: 00:05:16

Health: -9/21      AC: -6    Str:  4    XL:     4   Next: 13%
Magic:  5/9        EV: 17    Int: 18    God:    Ru [......]
Gold:   91         SH:  0    Dex: 15    Spells: 3/8 levels left

rFire   . . .      SeeInvis +    a - +1 dagger
rCold   x . .      Faith    .    (no shield)
rNeg    . . .      Spirit   .    b - +0 robe
rPois   +          Reflect  .    (helmet restricted)
rElec   .          Rampage  .    m - scarf "Purghoeff" {shadows, rPois rC- Regen+}
rCorr   .                        (gloves unavailable)
Will    .....                    (boots unavailable)
Stlth   +++                      (no amulet)
HPRegen 1.03/turn                (no ring)
MPRegen 0.11/turn                (no ring)

@: corroded, very quick
A: very small, no large weapons, unfitting armour, see invisible, speed 3
a: Renounce Religion


You were on level 4 of the Dungeon.
You worshipped Ru.
Ru was noncommittal.
You visited 1 branch of the dungeon, and saw 4 of its levels.

You collected 91 gold pieces.

Inventory:

Hand Weapons
 a - a +1 dagger (weapon)
 d - a +0 short sword
Missiles
 h - 6 poisoned darts
Armour
 b - a +0 robe (worn)
 m - the scarf "Purghoeff" (worn) {shadows, rPois rC- Regen+}
   (You found it on level 3 of the Dungeon)

   rC:        It makes you vulnerable to cold.
   rPois:     It protects you from poison.
   Regen:     It increases your rate of health regeneration.
Magical Staves
 i - a staff of air
Scrolls
 j - a scroll of amnesia {unknown}
Potions
 c - 2 potions of invisibility
 e - 3 potions of curing
 f - a potion of haste
 g - a potion of ambrosia {unknown}
 k - a potion of cancellation {unknown}
 l - a potion of berserk rage {unknown}


   Skills:
 + Level 2.7 Short Blades
 - Level 2.6 Dodging
 - Level 4.4 Stealth
 - Level 2.6 Spellcasting
 - Level 5.0 Hexes
 - Level 1.0 Ice Magic


You had 3 spell levels left.
You knew the following spells:

 Your Spells              Type           Power      Damage    Failure   Level
a - Ensorcelled Hibernat  Hex/Ice        26%        N/A       8%          2
b - Confusing Touch       Hex            20%        N/A       6%          3

Your spell library contained the following spells:

 Spells                   Type           Power      Damage    Failure   Level
 Slow                     Hex            80%        N/A       2%          1
 Tukima's Dance           Hex            20%        N/A       6%          3
 Dazzling Flash           Conj/Hex       22%        N/A       19%         3
 Gell's Gravitas          Tloc           2%         N/A       45%         3
 Teleport Other           Tloc           2%         N/A       45%         3
 Vampiric Draining        Necr           2%         2d6       45%         3
 Dispersal                Tloc           1%         N/A       100%        6


Dungeon Overview and Level Annotations

Branches:
Dungeon (4/15)
 Temple: D:4-7

Altars:
Ru

Annotations:
D:3 Robin


Innate Abilities, Weirdness & Mutations

You are very small and have problems with some larger weapons.
You are too small for most types of armour.
You have supernaturally acute eyesight. (SInv)
You cover ground extremely quickly. (Speed+++)


Message History

Your surroundings suddenly seem different.
There is an open door here.
There is a stone staircase leading down here.
You climb downwards.
Found a hand axe and 16 gold pieces.
There is a stone staircase leading up here.
A ball python comes into view.
The helpless adder fails to defend itself.
You impale the adder!!
You kill the adder!
You have reached level 4!
Health restored: 21; MP restored: 9 A jelly comes into view.
The helpless ball python fails to defend itself.
You impale the ball python!!
You kill the ball python!
Found a trident.
This spell is quite dangerous to cast!
Memorise Tukima's Dance, consuming 3 spell levels and leaving 0?
You start memorising the spell.
You continue memorising. x3
The jelly quivers.
The jelly hits you.
Your memorisation is interrupted.
The acid corrodes you!
You are splashed with acid!
You take 12 damage, and have 9/21 hp.
MASSIVE DAMAGE!!
Aiming: Ensorcelled Hibernation (safe; 8% risk of failure)
Press: ? - help, Q - select action, (/) - cycle Shift-Dir - straight line, f - jelly
Aim: a jelly (chance to affect: 55%)
The jelly resists with significant effort.
The jelly hits you. The acid corrodes you!
You are splashed with acid!
* * * LOW HITPOINT WARNING * * *
You take 8 damage, and have 1/21 hp.
MASSIVE DAMAGE!!
You now have 7/9 mp.
Aiming: Ensorcelled Hibernation (safe; 8% risk of failure)
Press: ? - help, Q - select action, (/) - cycle Shift-Dir - straight line, f/p - jelly
Aim: a jelly (chance to affect: 55%)
The jelly looks drowsy...
You now have 5/9 mp.
The jelly hits you.
* * * LOW HITPOINT WARNING * * *
The acid corrodes you!
You are splashed with acid!
You die...

..##...........
.......<..........
..##..............
..................
..##..............
##..............
#...............
####.........#
.......@....#
######.J.....#
............#
######......#
#......# #.#.####
#.#.# #)#.#


You could see a jelly.

Vanquished Creatures
  4 adders
  A worm (D:3)
  5 ball pythons
  6 bats
  A giant cockroach (D:1)
  A goblin (D:1)
  4 hobgoblins
  2 quokkas
  6 frilled lizards
  5 kobolds
  7 rats
42 creatures vanquished.

Vanquished Creatures (others)
  A fungus (D:1)
1 creature vanquished.

Grand Total: 43 creatures vanquished

Notes
Turn   | Place    | Note
-------+----------+-------------------------------------------
     0 | D:1      | jasper the Spriggan Enchanter began the quest for the Orb.
     0 | D:1      | Reached XP level 1. HP: 9/9 MP: 5/5
    89 | D:1      | Reached skill level 4 in Hexes
   181 | D:1      | Reached XP level 2. HP: 12/13 MP: 6/6
   184 | D:1      | Learned a level 2 spell: Ensorcelled Hibernation
  1137 | D:2      | Reached skill level 5 in Hexes
  1220 | D:2      | Reached XP level 3. HP: 10/16 MP: 5/8
  1249 | D:2      | Learned a level 3 spell: Confusing Touch
  1284 | D:2      | Reached skill level 1 in Ice Magic
  1986 | D:3      | Found a sacrificial altar of Ru.
  2008 | D:3      | Identified the scarf "Purghoeff" {shadows, rPois rC-
                  | Regen+}
  2039 | D:3      | Became a worshipper of Ru the Awakened
  2411 | D:3      | Noticed Robin
  2459 | D:4      | Reached XP level 4. HP: 21/21 MP: 9/9
  2469 | D:4      | HP: 1/21 [acid (8)]
  2473 | D:4      | Splashed by a jelly's acid

Illustrated notes

Levels and vault maps discovered:
D:1:      minmay_arrival_plants_in_alcoves, layout_loops_cross
D:2:      layout_basic, serial_corexii_hall, corexii_hall_statues_l,
          chequers_hall_statues_y, dreamdust_princess_corridor
D:3:      layout_loops_corners, nicolae_ru_path_of_blood,
          nicolae_ashenzari_skybound, nicolae_wormholes, uniq_robin
D:4:      layout_basic, minmay_temple_entry_wispy

Skill      XL: |  1  2  3 |
---------------+----------+-----
Hexes          | 4 5 |  5.0
Ice Magic      | 1 |  1.0
Short Blades   | 2 |  2.7
Dodging        | |  2.6
Stealth        | |  4.4
Spellcasting   | |  2.6

Action                     |  1- 3 |  4- 6 || total
---------------------------+-------+-------++-------
  Melee: Dagger            |    81 |     1 ||    82
         Punch             |     1 |       ||     1
   Cast: Ensorcelled Hiber |    27 |     2 ||    29
    Use: Scroll            |     3 |       ||     3
   Stab: Sleeping          |    26 |     1 ||    27
 Armour: Robe              |     8 |       ||     8
  Dodge: Dodged            |    68 |       ||    68

Table legend: (Time is in decaauts)
 A = Elapsed time spent in this place.
 B = Non-inter-level travel time spent in this place.
 C = Inter-level travel time spent in this place.
 D = Time resting spent in this place.
 E = Time spent auto-exploring this place.
 F = Levels seen in this place.
 G = Mean time per level.
                   A        B        C        D        E       F      G
               +--------+--------+--------+--------+--------+-----+--------+
         Total |   1796 |   1739 |     57 |    125 |   1273 |   4 |  449.0 |
       Dungeon |   1796 |   1739 |     57 |    125 |   1273 |   4 |  449.0 |
               +--------+--------+--------+--------+--------+-----+--------+

Top non-repeatable levels by time:
     D:1: 856 daAuts
     D:2: 496 daAuts
     D:3: 429 daAuts
     D:4: 14 daAuts
